 Dungeon Crawl Stone Soup version 0.22-a0-40-g3d2f077 (webtiles) character file.

51 tof the Skirmisher (level 3, -2/29 HPs)
             Began as a Demonspawn Monk on Jan 4, 2018.
             Slain by a wight
             ... wielding a +3 hand axe
              (6 damage)
             ... on level 3 of the Dungeon.
             The game lasted 00:02:44 (2297 turns).

tof the Skirmisher (Demonspawn Monk)                Turns: 2297, Time: 00:02:44

Health: -2/29      AC:  4    Str: 11    XL:     3   Next: 58%
Magic:  3/3        EV: 13    Int: 11    God:
Gold:   59         SH:  0    Dex: 16    Spells: 2/2 levels left

rFire    . . .     SeeInvis .   a - +0 falchion
rCold    . . .     Gourm    .   (no shield)
rNeg     . . .     Faith    .   b - +0 robe
rPois    .         Spirit   .   f - +0 helmet
rElec    .         Reflect  .   (no cloak)
rCorr    .         Harm     .   (no gloves)
MR       .....                  (no boots)
Stlth    ++........             g - amulet of magic regeneration
HPRegen  0.09/turn              (no ring)
MPRegen  0.33/turn              (no ring)

@: drained
A: rugged brown scales 1, powered by pain 1
a: no special abilities


You were on level 3 of the Dungeon.
You were not hungry.

You visited 1 branch of the dungeon, and saw 3 of its levels.

You collected 59 gold pieces.

Inventory:

Hand Weapons
 a - a +0 falchion (weapon)
Armour
 b - a +0 robe (worn)
 f - a +0 helmet (worn)
Jewellery
 g - an amulet of magic regeneration (around neck)
Scrolls
 d - 7 scrolls of identify {unknown}
 h - 2 scrolls of remove curse {unknown}
 i - a scroll of enchant weapon {unknown}
 l - a scroll of teleportation {unknown}
Potions
 e - 2 potions of might {unknown}
 k - a potion of curing
Comestibles
 c - a ration
 j - 2 chunks of flesh


   Skills:
 + Level 3.3(3.0) Fighting
 * Level 3.3(3.0) Long Blades
 + Level 1.1(0.8) Throwing
 + Level 1.1(0.8) Armour
 - Level 2.6(2.4) Dodging
 - Level 1.7(1.4) Stealth


You had 2 spell levels left.
You didn't know any spells.

Dungeon Overview and Level Annotations

Branches:
Dungeon (3/15)

Altars:


Innate Abilities, Weirdness & Mutations

You are partially covered in rugged brown scales. (AC +1, +3% HP)
You sometimes gain a little power by taking damage.


Message History

The wight hits you with an enchanted hand axe!
You hit the wight.
The wight is lightly damaged.
The wight hits you with an enchanted hand axe.
You hit the wight.
The wight is heavily damaged.
The wight hits you with an enchanted hand axe.
You barely miss the wight.
The wight is heavily damaged.
The wight hits you with an enchanted hand axe.
You hit the wight.
The wight is heavily damaged.
The wight hits you with an enchanted hand axe.
* * * LOW HITPOINT WARNING * * *
You feel drained.
* * * LOW HITPOINT WARNING * * *
You barely miss the wight.
The wight is heavily damaged.
The wight hits you with an enchanted hand axe.
You die...

#......## ..
#.......###.##.
#..<...........
#####....###
##.#.# ###.#
#.# # #.##.##.#
#.@zz...#
####<#.... # #


You could see 2 wights.

Vanquished Creatures
  An ooze (D:1)
  A worm (D:2)
  2 dart slugs
  A leopard gecko (D:2)
  A ball python (D:1)
  2 bats (D:2)
  4 giant cockroaches
  4 goblins
  6 hobgoblins
  3 jackals (D:2)
  4 kobolds
  3 frilled lizards
  2 rats (D:1)
34 creatures vanquished.

Notes
Turn   | Place    | Note
-------+----------+-------------------------------------------
     0 | D:1      | tof the Demonspawn Monk began the quest for the Orb.
     0 | D:1      | Reached XP level 1. HP: 18/18 MP: 1/1
   339 | D:1      | Gained mutation: You sometimes gain a little power by taking damage. [demonic ancestry]
   339 | D:1      | Reached XP level 2. HP: 18/24 MP: 2/2
  1460 | D:2      | Gained mutation: You are partially covered in rugged brown scales. (AC +1, +3% HP) [demonic ancestry]
  1460 | D:2      | Reached XP level 3. HP: 20/29 MP: 3/3
  1761 | D:2      | Reached skill level 1 in Throwing
  1901 | D:2      | Reached skill level 1 in Armour
  2297 | D:3      | Slain by a wight

Vault maps used:
D:1:      kilobyte_arrival_exit_the_forest
D:3:      gup_sewer_entry_pipe

Skill      XL: |  1  2  3 |
---------------+----------+-----
Long Blades    | 3 |  3.3
Throwing       | 1 |  1.1
Armour         | 1 |  1.1
Fighting       | |  3.3
Dodging        | |  2.6
Stealth        | |  1.7

Action                   || total
-------------------------++-------
Melee: Falchion          ||   105
 Stab: Sleeping          ||     4
  Eat: Chunk             ||     4
Armor: Robe              ||    22
Dodge: Dodged            ||    69
       Rpst.: Falchion   ||    27

Table legend:
 A = Spawn XP
 B = Non-spawn XP
 C = Spawn XP percentage of total XP
 D = Spawn monster count
 E = Non-spawn monster count
 F = Spawn count percentage of total count
 G = Total turns spent on level
                    A         B        C        D         E        F      G
               +---------+---------+-------+---------+---------+-------+---------
         Total |       0 |      74 |   0.0 |       0 |      34 |   0.0 |  2297
               +---------+---------+-------+---------+---------+-------+---------
           D:1 |       0 |      33 |   0.0 |       0 |      15 |   0.0 |  1444
           D:2 |       0 |      39 |   0.0 |       0 |      18 |   0.0 |   795
           D:3 |       0 |       2 |   0.0 |       0 |       1 |   0.0 |    58
               +---------+---------+-------+---------+---------+-------+---------
